 Dungeon Crawl Stone Soup version 0.21.1-1-g345015fe64 (webtiles) character file.

184 LisaTheBanana the Ruffian (level 5, -2/53 HPs)
             Began as a Troll Monk on Apr 8, 2018.
             Slain by an orc wizard
             ... wielding a +0 dagger
              (5 damage)
             ... on level 3 of the Dungeon.
             The game lasted 00:07:59 (1729 turns).

LisaTheBanana the Ruffian (Troll Monk)              Turns: 1729, Time: 00:07:59

Health: -2/53      AC:  5    Str: 20    XL:     5   Next: 36%
Magic:  4/4        EV: 11    Int:  6    God:
Gold:   116        SH:  0    Dex: 12    Spells: 4/4 levels left

rFire    . . .     SeeInvis .     - Unarmed
rCold    . . .     Gourm    +   (no shield)
rNeg     . . .     Faith    .   a - +0 robe
rPois    .         Spirit   .   (helmet restricted)
rElec    .         Reflect  .   (no cloak)
rCorr    .         Harm     .   (gloves unavailable)
MR       .....                  (boots unavailable)
Stlth    +.........             (no amulet)
HPRegen  0.57/turn              (no ring)
MPRegen  0.09/turn              (no ring)

@: confused
A: large, unfitting armour, claws 3, fast metabolism 3, gourmand, regeneration
1, shaggy fur 1, tough skin 2
a: no special abilities


You were on level 3 of the Dungeon.
You were very hungry.

You visited 1 branch of the dungeon, and saw 3 of its levels.

You collected 116 gold pieces.

Inventory:

Armour
 a - a +0 robe (worn)
Jewellery
 m - a cursed ring of fire {unknown}
Scrolls
 f - 3 scrolls of teleportation {unknown}
 g - a scroll of magic mapping {unknown}
 j - 3 scrolls of identify {unknown}
 l - a scroll of blinking {unknown}
 o - 2 scrolls of remove curse {unknown}
 p - a scroll of amnesia {unknown}
 r - a scroll of enchant armour {unknown}
 s - a scroll of fog {unknown}
Potions
 c - 2 potions of berserk rage {unknown}
 d - a potion of cancellation {unknown}
 e - a potion of experience {unknown}
 h - 2 potions of haste {unknown}
 i - a potion of agility {unknown}
 k - a potion of heal wounds {unknown}
 n - a potion of curing {unknown}
Comestibles
 b - 7 rations


   Skills:
 + Level 3.0 Fighting
 + Level 0.1 Throwing
 + Level 3.3 Dodging
 + Level 1.3 Stealth
 + Level 4.6 Unarmed Combat


You had 4 spell levels left.
You didn't know any spells.

Dungeon Overview and Level Annotations

Branches:
Dungeon (3/15)

Altars:


Innate Abilities, Weirdness & Mutations

You are too large for most types of armour.
You have claws for hands.
Your metabolism is lightning-fast.
You like to eat raw meat.
Your natural rate of healing is unusually fast.
You are covered in fur. (AC +1)
You have very tough skin. (AC +2)


Message History

You miss the bat.
You feel less confused. The bat barely misses you.
Something hits you but does no damage. The bat hits you.
* * * LOW HITPOINT WARNING * * *
You miss the bat. The bat misses you. The bat barely misses you.
Something hits you.
* * * LOW HITPOINT WARNING * * *
The bat barely misses you.
You mangle the bat!!
You kill the bat!
You hear some strange, mumbled words.
You are confused.
You're too confused to move!
Something hits you but does no damage. Something hits you.
* * * LOW HITPOINT WARNING * * *
You bump into the rock wall.
You are feeling very hungry.
Something hits you.
You die...

#...#).......### ###..
#.##...........####....
#............#......#..
#####.(.......#.........
#....)..................
#.##..(..#..#.#.....#...
#..(..#..#.#.##..#...
###....#....#..#..#..#
#....@.##...#..#......
#...(.#####.#..#.##..#
#.....# #.#..#.##)..
#.....# #......)(.((
.......# #......###..
###.....# #......# ##.
#.....# #......# #..
####### #......# #.#
#......###.#


There were no monsters in sight!

Vanquished Creatures
  An orc priest (D:3)
  An orc wizard (D:3)
  4 gnolls (D:2)
  An adder (D:2)
  An ooze (D:1)
  3 worms
  3 dart slugs
  2 leopard geckos
  5 orcs (D:3)
  4 bats
  3 giant cockroaches (D:2)
  6 hobgoblins
  10 kobolds
  A quokka (D:2)
  A frilled lizard (D:1)
  4 goblins
  4 rats
54 creatures vanquished.

Notes
Turn   | Place    | Note
-------+----------+-------------------------------------------
     0 | D:1      | LisaTheBanana the Troll Monk began the quest for the Orb.
     0 | D:1      | Reached XP level 1. HP: 22/22 MP: 0/0
     4 | D:1      | Noticed an electric eel
     4 | D:1      | Noticed an electric eel
   105 | D:1      | Reached XP level 2. HP: 29/29 MP: 1/1
   688 | D:1      | Reached XP level 3. HP: 36/36 MP: 2/2
   848 | D:2      | Reached XP level 4. HP: 30/44 MP: 3/3
   998 | D:2      | Reached skill level 4 in Unarmed Combat
  1588 | D:3      | Reached XP level 5. HP: 38/53 MP: 4/4
  1717 | D:3      | HP: 1/53 [something/magic dart (8)]
  1723 | D:3      | HP: 2/53 [something (2)]
  1729 | D:3      | Slain by an orc wizard

Skill      XL: |  1  2  3  4 |
---------------+-------------+-----
Dodging        | 3 |  3.3
Fighting       | 3 |  3.0
Unarmed Combat | 4 |  4.6
Throwing       | |  0.1
Stealth        | |  1.3

Action                   |  1- 3 |  4- 6 || total
-------------------------+-------+-------++-------
Melee: Unarmed           |    65 |    77 ||   142
       Punch             |       |     3 ||     3
Throw: Javelin           |       |     9 ||     9
 Stab: Sleeping          |       |     2 ||     2
  Eat: Chunk             |     9 |     3 ||    12
Armor: Robe              |    19 |    30 ||    49
Dodge: Dodged            |    28 |    57 ||    85
